 Dungeon Crawl Stone Soup version 0.28-a0-529-g3bad584f25 (webtiles) character file.

Game seed: 6018648543096089112

215 demibob the Poker (level 5, -8/38 HPs)
             Began as a Demonspawn Gladiator on Sept 25, 2021.
             Was a Priest of Cheibriados.
             Splashed by a jelly's acid (10 damage)
             ... on level 4 of the Dungeon.
             The game lasted 00:04:07 (2606 turns).

demibob the Poker (Demonspawn Gladiator)            Turns: 2606, Time: 00:04:08

Health: -8/38      AC: -7    Str: 20    XL:     5   Next: 60%
Magic:  7/7        EV: 13    Int: 20    God:    Cheibriados [***...]
Gold:   140        SH:  0    Dex: 21    Spells: 4/4 levels left

rFire   . . .      SeeInvis .   a - +1 trident (elec)
rCold   . . .      Faith    .   (no shield)
rNeg    . . .      Spirit   .   b - +0 leather armour
rPois   .          Reflect  .   c - +0 helmet
rElec   .          Harm     .   (no cloak)
rCorr   .          Rampage  .   (no gloves)
Will    .....                   m - +0 pair of boots
Stlth   ++........              (no amulet)
HPRegen 0.12/turn               (no ring)
MPRegen 0.10/turn               (no ring)

@: corroded, very slow
A: spiny 1, big brain 2
a: Renounce Religion, Bend Time, Temporal Distortion


You were on level 4 of the Dungeon.
You worshipped Cheibriados.
Cheibriados was most pleased with you.
You visited 1 branch of the dungeon, and saw 4 of its levels.

You collected 140 gold pieces.


Innate Abilities, Weirdness & Mutations

You are partially covered in sharp spines.
You have an extremely huge brain. (Int +4)


   Skills:
 - Level 2.0 Fighting
 + Level 5.3 Polearms
 - Level 1.7 Throwing
 - Level 2.6 Dodging
 + Level 2.9 Invocations


You had 4 spell levels left.
You didn't know any spells.
Your spell library contained the following spells:

 Spells                   Type           Power      Damage    Failure   Level
 Blink                    Tloc           N/A        N/A       34%         2
 Lesser Beckoning         Tloc           0%         N/A       56%         3
 Manifold Assault         Tloc           0%         N/A       99%         5

Inventory:

Hand Weapons
 a - a +1 trident of electrocution (weapon)
Missiles
 d - 3 throwing nets (quivered) {=f}
Armour
 b - a +0 leather armour (worn)
 c - a +0 helmet (worn)
 g - +0 ice dragon scales
 m - a +0 pair of boots (worn)
Scrolls
 o - a scroll of teleportation {@r2}
Potions
 e - 2 potions of degeneration {unknown}
 h - 2 potions of heal wounds {unknown}
 i - a potion of lignification {unknown}
 j - 2 potions of might {unknown}
 k - a potion of attraction {unknown}
 n - a potion of flight {unknown}
 p - a potion of cancellation {unknown}

Dungeon Overview and Level Annotations

Branches:
Dungeon (4/15)
 Temple: D:4-7

Altars:
Cheibriados
Ru

###########
#.........#
.##....#.#
#..@.#.#
#..J.#.#
#....#.#
#....#.#
#....#.#####
######.....#
#####.# #.#
#.#


You could see a jelly.


Message History

A jelly is nearby!
The jelly quivers.
The jelly closely misses you.
You hit the jelly. The acid corrodes you!
Your hands burn!
The jelly is moderately wounded.
The jelly barely misses you.
You hit the jelly but do no damage.
Your hands burn!
The jelly is moderately wounded.
The jelly barely misses you.
You hit the jelly but do no damage.
Your hands burn!
The jelly is moderately wounded.
The jelly jiggles.
The jelly is struck by your spines. The jelly hits you.
You are splashed with acid!
* * * LOW HITPOINT WARNING * * *
You are too injured to fight recklessly!
You are too injured to fight recklessly!
You hit the jelly.
Your hands burn!
* * * LOW HITPOINT WARNING * * *
The jelly is heavily wounded.
The jelly is struck by your spines. The jelly hits you.
* * * LOW HITPOINT WARNING * * *
The acid corrodes you!
You are splashed with acid!
* * * LOW HITPOINT WARNING * * *
You barely miss the jelly.
The jelly is severely wounded.
The jelly hits you.
* * * LOW HITPOINT WARNING * * *
The acid corrodes you!
You are splashed with acid!
You die...

Skill      XL: |  1  2  3  4 |
---------------+-------------+-----
Polearms       | 3 4 5 |  5.3
Invocations    | 2 |  2.9
Fighting       | |  2.0
Throwing       | |  1.7
Dodging        | |  2.6

Action                   |  1- 3 |  4- 6 || total
-------------------------+-------+-------++-------
Melee: Trident           |    98 |    68 ||   166
  Use: Scroll            |     3 |     4 ||     7
 Stab: Sleeping          |     2 |     4 ||     6
       Distracted        |       |     2 ||     2
Armor: Leather armour    |    20 |     6 ||    26
Dodge: Dodged            |    59 |    21 ||    80

Levels and vault maps discovered:
D:1:      dpeg_arrival_court, layout_rooms
D:2:      layout_loops_ring, shapermc_ecumenical_altar_totnotflames,
          hangedman_decor_push
D:3:      layout_loops_ring, guppyfry_early_orc_mine
D:4:      layout_basic, hangedman_ru_absence, amcnicky_altar_gilded

Notes
Turn   | Place    | Note
-------+----------+-------------------------------------------
     0 | D:1      | demibob the Demonspawn Gladiator began the quest for the
                  | Orb.
     0 | D:1      | Reached XP level 1. HP: 16/16 MP: 1/1
    34 | D:1      | Reached skill level 3 in Polearms
   272 | D:1      | Gained mutation: You are partially covered in sharp spines.
                  | [demonic ancestry]
   272 | D:1      | Reached XP level 2. HP: 22/22 MP: 2/2
   801 | D:2      | Found a faded altar of an unknown god.
   839 | D:2      | Reached XP level 3. HP: 27/27 MP: 3/3
   867 | D:2      | Became a worshipper of Cheibriados the Contemplative
   867 | D:2      | Reached * piety under Cheibriados
   915 | D:2      | Reached skill level 4 in Polearms
  1433 | D:2      | Gained mutation: You have an unusually large brain. (Int
                  | +2) [demonic ancestry]
  1433 | D:2      | Reached XP level 4. HP: 15/33 MP: 4/4
  1608 | D:2      | Reached ** piety under Cheibriados
  1984 | D:3      | Reached skill level 1 in Invocations
  2028 | D:3      | Reached skill level 5 in Polearms
  2055 | D:3      | Reached skill level 2 in Invocations
  2055 | D:3      | Gained mutation: You have an extremely huge brain. (Int +4)
                  | [demonic ancestry]
  2055 | D:3      | Reached XP level 5. HP: 37/38 MP: 6/6
  2472 | D:4      | Found a sacrificial altar of Ru.
  2499 | D:4      | Reached *** piety under Cheibriados
  2606 | D:4      | HP: 2/38 [jelly (3)]
  2606 | D:4      | Splashed by a jelly's acid

Vanquished Creatures
  A hound (D:4)
  2 orc wizards
  4 adders
  2 worms
  12 orcs
  A bat (D:2)
  7 endoplasms
  3 giant cockroaches
  9 goblins
  5 hobgoblins
  8 jackals
  3 quokkas
  5 ball pythons
  5 frilled lizards
  4 kobolds
  6 rats
77 creatures vanquished.

Table legend: (Time is in decaauts)
 A = Elapsed time spent in this place.
 B = Non-inter-level travel time spent in this place.
 C = Inter-level travel time spent in this place.
 D = Time resting spent in this place.
 E = Time spent auto-exploring this place.
 F = Levels seen in this place.
 G = Mean time per level.
                   A        B        C        D        E       F      G
               +--------+--------+--------+--------+--------+-----+--------+
         Total |   3192 |   3108 |     84 |    506 |   2098 |   4 |  798.0 |
       Dungeon |   3192 |   3108 |     84 |    506 |   2098 |   4 |  798.0 |
               +--------+--------+--------+--------+--------+-----+--------+

Top non-repeatable levels by time:
     D:2: 1322 daAuts
     D:3: 884 daAuts
     D:1: 713 daAuts
     D:4: 273 daAuts

Table legend:
 A = Non-vault XP
 B = Vault XP
 C = Vault XP percentage of total XP
 D = Non-vault monster count
 E = Vault monster count
 F = Vault count percentage of total count
                 A         B        C        D         E       F
            +---------+---------+-------+---------+---------+-------
      Total |     291 |      17 |   5.5 |      70 |       7 |   9.1
            +---------+---------+-------+---------+---------+-------
        D:1 |      31 |       0 |   0.0 |      18 |       0 |   0.0
        D:2 |     113 |       0 |   0.0 |      29 |       0 |   0.0
        D:3 |      78 |      17 |  17.9 |      17 |       7 |  29.2
        D:4 |      69 |       0 |   0.0 |       6 |       0 |   0.0
            +---------+---------+-------+---------+---------+-------
